 Dungeon Crawl Stone Soup version 0.26.1-11-gd32895ea62 (webtiles) character file.

Game seed: 682904460123604873

13 Zeld the Insei (level 2, -3/18 HPs)
             Began as an Octopode Transmuter on May 27, 2021.
             Slain by a gnoll
             ... wielding a +0 spear
              (10 damage)
             ... on level 3 of the Dungeon.
             The game lasted 00:00:55 (944 turns).

Zeld the Insei (Octopode Transmuter)                 Turns: 944, Time: 00:00:56

Health: -3/18      AC:  1    Str:  9    XL:     2   Next: 37%
Magic:  5/5        EV: 13    Int: 15    God:
Gold:   32         SH:  0    Dex: 12    Spells: 2/5 levels left

rFire    . . .     SeeInvis .     - Unarmed
rCold    . . .     Faith    .   (no shield)
rNeg     . . .     Spirit   .   (helmet restricted)
rPois    .         Reflect  .   (no amulet)
rElec    .         Harm     .   (no ring)
rCorr    .         Rampage  .   (no ring)
Will     .....                  (no ring)
Stlth    ++........             (no ring)
HPRegen  0.06/turn              (no ring)
MPRegen  0.09/turn              (no ring)
                                (no ring)
                                (no ring)

@: no status effects
A: almost no armour, stealthy swim, amphibious, 8 rings, constrict 8, camouflage
1, gelatinous body 1
a: no special abilities


You were on level 3 of the Dungeon.
You visited 1 branch of the dungeon, and saw 3 of its levels.

You collected 32 gold pieces.

Inventory:

Potions
 a - a potion of berserk rage {unknown}
 b - a potion of curing {unknown}


   Skills:
 + Level 1.2 Fighting
 + Level 2.1 Dodging
 - Level 3.0 Unarmed Combat
 * Level 2.2 Spellcasting
 * Level 2.3 Transmutations


You had 2 spell levels left.
You knew the following spells:

 Your Spells              Type           Power        Failure   Level
a - Beastly Appendage     Tmut           16%          9%          1
b - Wereblood             Tmut           8%           12%         2

Your spell library contained the following spells:

 Spells                   Type           Power        Failure   Level
 Spider Form              Tmut/Pois      2%           36%         3
 Ice Form                 Ice/Tmut       5%           78%         4
 Blade Hands              Tmut           4%           92%         5


Dungeon Overview and Level Annotations

Branches:
Dungeon (3/15)

Altars:
Dithmenos


Innate Abilities, Weirdness & Mutations

You cannot wear most types of armour.
You are very stealthy in the water. (Stealth+)
You are amphibious.
You can wear up to eight rings at the same time.
You can use your tentacles to constrict eight enemies at once.
Your skin changes colour to match your surroundings (Stealth+).
Your rubbery body absorbs attacks. (AC +1, EV +1)


Message History

What are your orders? t - Shout!
Orders for allies: a - Attack new target. r - Retreat! s - Stop attacking. g - Guard the area. f - Follow me.
Anything else - Cancel.
Okay, then.
Unknown command.
Your tentacle spike disappears.
The gnoll hits you from afar with a +0 spear!
You open the door. The gnoll closely misses you.
Found 16 bolts.
There is an open door here.
You close the door.
A gnoll opens the door.
The gnoll hits you from afar with a +0 spear.
You see here 16 bolts.
You open the door.
The gnoll hits you from afar with a +0 spear!
Ouch! That really hurt!
You die...

#.#g# #. #.#.# #.
###### #.#.# # #
#....# #.#.# #.
#....# #.#.# #.
#....# #.#.# #..
#....# #.#.#
#..#....####.#.# #.
#.>'@(g.'....#.# #.
####....######.######
#....# #.......
#....# ########
#....# #....# #....#
######


You could see a gnoll.

Vanquished Creatures
  A bat (D:2)
  2 giant cockroaches (D:2)
  A goblin (D:2)
  3 hobgoblins
  A quokka (D:3)
  A frilled lizard (D:2)
  A kobold (D:2)
  A rat (D:2)
11 creatures vanquished.

Vanquished Creatures (others)
  3 plants (D:2)
3 creatures vanquished.

Grand Total: 14 creatures vanquished

Notes
Turn   | Place    | Note
-------+----------+-------------------------------------------
     0 | D:1      | Zeld the Octopode Transmuter began the quest for the Orb.
     0 | D:1      | Reached XP level 1. HP: 13/13 MP: 3/3
   578 | D:2      | Reached XP level 2. HP: 18/18 MP: 3/5
   581 | D:2      | Learned a level 2 spell: Wereblood
   689 | D:3      | Found a shadowy altar of Dithmenos.
   944 | D:3      | Slain by a gnoll

Illustrated notes

Levels and vault maps discovered:
D:1:      dpeg_arrival_boxes_within_box, layout_loops_ring
D:2:      layout_basic, chequers_big_river, uniq_crazy_yiuf_cottage
D:3:      layout_basic, overflow_temple_1_default,
          grunt_dithmenos_smoke_and_mirrors

Action                   || total
-------------------------++-------
Melee: Unarmed           ||    22
       Constrict         ||     6
       Tentacles         ||     3
       Kick              ||     2
 Cast: Beastly Appendage ||     6
 Stab: Sleeping          ||     1
Armor: Skin              ||     1
Dodge: Dodged            ||    17
